 Dungeon Crawl Stone Soup version 0.29-a0-284-gf9362112df (webtiles) character file.

Game seed: 6876869471869564463

3 Hubjo the Vexing (level 1, 0/13 HPs)
             Began as a Demonspawn Enchanter on Mar 28, 2022.
             Slain by a goblin
             ... wielding a +0 dagger of protection
              (4 damage)
             ... on level 1 of the Dungeon.
             The game lasted 00:00:10 (154 turns).

Hubjo the Vexing (Demonspawn Enchanter)              Turns: 154, Time: 00:00:11

Health: 0/13       AC:  2    Str:  8    XL:     1   Next: 41%
Magic:  3/3        EV: 12    Int: 16    God:
Gold:   0          SH:  0    Dex: 13    Spells: 4/4 levels left

rFire   . . .      SeeInvis .   a - +1 dagger
rCold   . . .      Faith    .   (no shield)
rNeg    . . .      Spirit   .   b - +0 robe
rPois   .          Reflect  .   (no helmet)
rElec   .          Harm     .   (no cloak)
rCorr   .          Rampage  .   (no gloves)
Will    .....                   (no boots)
Stlth   ++........              (no amulet)
HPRegen 0.04/turn               (no ring)
MPRegen 0.08/turn               (no ring)

@: no status effects
A: no striking features
a: no special abilities


You were on level 1 of the Dungeon.
You visited 1 branch of the dungeon, and saw 1 of its levels.

Inventory:

Hand Weapons
 a - a +1 dagger (weapon)
Armour
 b - a +0 robe (worn)
Scrolls
 d - a scroll of enchant weapon {unknown}
Potions
 c - 2 potions of invisibility


   Skills:
 * Level 0.3 Fighting
 - Level 0.8 Short Blades
 - Level 1.7 Dodging
 * Level 2.8 Stealth
 + Level 2.0 Spellcasting
 + Level 3.0 Hexes


You had 4 spell levels left.
You didn't know any spells.
Your spell library contained the following spells:

 Spells                   Type           Power      Damage    Failure   Level
 Ensorcelled Hibernation  Hex/Ice        12%        N/A       17%         2
 Confusing Touch          Hex            11%        N/A       19%         3
 Tukima's Dance           Hex            11%        N/A       19%         3
 Dazzling Flash           Conj/Hex       12%        N/A       32%         3


Dungeon Overview and Level Annotations

Branches:
Dungeon (1/15)

Altars:


Message History

No target in view!
No target in view!
No target in view!
No target in view!
A goblin comes into view.
It is wielding a +0 dagger of protection.
A goblin is nearby!
A goblin comes into view. It is wielding a +0 dagger.
The goblin shouts!
An endoplasm comes into view.
The endoplasm quivers.
You hit the goblin.
You kill the goblin!
You hit the goblin but do no damage. The goblin closely misses you.
You closely miss the goblin.
The goblin hits you with a +0 dagger of protection.
You hit the goblin but do no damage. The goblin closely misses you.
You hit the goblin but do no damage. The goblin barely misses you.
The endoplasm freezes you.
You are frozen.
You closely miss the goblin. The endoplasm hits you.
The goblin closely misses you.
You barely miss the goblin. The endoplasm barely misses you.
The goblin hits you but does no damage.
You closely miss the goblin. The goblin closely misses you.
The endoplasm freezes you.
You are frozen.
You are too injured to fight recklessly!
You are too injured to fight recklessly!
You are too injured to fight recklessly!
You are too injured to fight recklessly!
You are too injured to fight recklessly!
You are too injured to fight recklessly!
The endoplasm attacks as you move away! The endoplasm hits you.
The goblin attacks as you move away!
The goblin hits you with a +0 dagger of protection.
The endoplasm attacks as you move away! The endoplasm misses you.
The goblin attacks as you move away! The goblin barely misses you.
The endoplasm barely misses you.
The goblin hits you with a +0 dagger of protection.
You die...

#...#.#.......##.#..#.#..#
#'#...#.##)#..#.......#..#
##.#####.##.#........###..#
.#.#..##....##.#>.>.......#
.#.#.#.#..####.#.###.....##
#...#..#..####.#.# #######
.....####......#.##
..<.....+[#####...#
.....####.# #.@.#
#...#..##.# #gJ.#
.#.#.#.#..# #...#####
.#.#..##... #........
##.####.##....)........ #+#
................
##.............
...####........ ##
#...#####


You could see an endoplasm and a goblin.

Vanquished Creatures
  A hobgoblin (D:1)
  A kobold (D:1)
  A goblin (D:1)
3 creatures vanquished.

Notes
Turn   | Place    | Note
-------+----------+-------------------------------------------
     0 | D:1      | Hubjo the Demonspawn Enchanter began the quest for the Orb.
     0 | D:1      | Reached XP level 1. HP: 13/13 MP: 3/3
   154 | D:1      | Slain by a goblin

Illustrated notes

Levels and vault maps discovered:
D:1:      nzn_arrival_crosshair, layout_loops_cross,
          shapermc_ecumenical_altar_starsandcircs

Action                   || total
-------------------------++-------
Melee: Dagger            ||    14
Armor: Robe              ||     1
Dodge: Dodged            ||    12

Table legend: (Time is in decaauts)
 A = Elapsed time spent in this place.
 B = Non-inter-level travel time spent in this place.
 C = Inter-level travel time spent in this place.
 D = Time resting spent in this place.
 E = Time spent auto-exploring this place.
 F = Levels seen in this place.
 G = Mean time per level.
                   A        B        C        D        E       F      G
               +--------+--------+--------+--------+--------+-----+--------+
         Total |    153 |    153 |      0 |      0 |    117 |   1 |  153.0 |
       Dungeon |    153 |    153 |      0 |      0 |    117 |   1 |  153.0 |
               +--------+--------+--------+--------+--------+-----+--------+

Top non-repeatable levels by time:
     D:1: 153 daAuts
